 Dungeon Crawl Stone Soup version 0.27-a0-1548-gf8a67e7463 (webtiles) character file.

Game seed: 6974021627650746378

39750 Leszczynek the Fighter (level 14, -10/113 (119) HPs)
             Began as a Human Gladiator on July 12, 2021.
             Was a High Priest of Cheibriados.
             Killed from afar by Josephine (33 damage)
             ... with a ghostly fireball
             ... on level 2 of the Orcish Mines on July 13, 2021.
             The game lasted 01:56:29 (8987 turns).

Leszczynek the Fighter (Human Gladiator)            Turns: 8987, Time: 01:56:29

HP:   -10/113 (119) AC: 17    Str: 30    XL:     14   Next: 41%
MP:   11/21         EV: 18    Int: 26    God:    Cheibriados [*****.]
Gold: 822           SH:  0    Dex: 29    Spells: 11/23 levels left

rFire    . . .     SeeInvis .   a - +9 morningstar
rCold    . . .     Faith    .   (no shield)
rNeg     . . .     Spirit   .   j - +0 steam dragon scales
rPois    +         Reflect  .   c - +1 helmet
rElec    .         Harm     .   Q - +1 cloak
rCorr    .         Rampage  .   o - +1 pair of gloves
Will     +....                  k - +1 pair of boots
Stlth    ++........             d - amulet of regeneration
HPRegen  1.28/turn              E - ring of poison resistance
MPRegen  0.17/turn              z - +4 ring of protection

@: death channeling, drained, very slow
A: no striking features
a: Renounce Religion, Bend Time, Temporal Distortion, Slouch, Step From Time


You were on level 2 of the Orcish Mines.
You worshipped Cheibriados.
Cheibriados was extremely pleased with you.
You visited 4 branches of the dungeon, and saw 21 of its levels.
You also visited: Gauntlet.

You collected 1098 gold pieces.
You spent 276 gold pieces at shops.

Inventory:

Hand Weapons
 a - a +9 morningstar (weapon)
 b - a +2 shortbow of freezing
 x - the +8 battleaxe of a Gauntlet {vorpal, Will+ Int+7 Dex-4}
   (You found it in a Gauntlet)

   It inflicts extra damage upon your enemies.
   Int:       It affects your intelligence (+7).
   Dex:       It affects your dexterity (-4).
   Will:      It increases your willpower.
Missiles
 m - 10 silver javelins
 t - 363 arrows
 O - a throwing net (quivered)
Armour
 c - a +1 helmet (worn)
 j - +0 steam dragon scales (worn)
 k - a +1 pair of boots (worn)
 o - a +1 pair of gloves (worn)
 B - a +0 buckler
 Q - a +1 cloak (worn)
Jewellery
 d - an amulet of regeneration (around neck)
 u - a +4 ring of evasion
 z - a +4 ring of protection (right hand)
 E - a ring of poison resistance (left hand)
 H - a ring of protection from fire
 W - the ring "Gofuwk" {Contam rPois MP+9 SInv}
   (You found it in a Gauntlet)

   [ring of see invisible]

   rPois:     It protects you from poison.
   MP:        It affects your magic capacity (+9).
   SInv:      It lets you see invisible.
   Contam:    It causes magical contamination when unequipped.
 Y - a ring of positive energy
Wands
 e - a wand of flame (66)
 i - a wand of polymorph (15)
 v - a wand of digging (4)
 w - a wand of acid (6)
 A - a wand of charming (6)
 C - a wand of iceblast (10)
 M - a wand of paralysis (12)
Scrolls
 f - a scroll of amnesia
 l - a scroll of magic mapping {unknown}
 n - a scroll of immolation {unknown}
 p - 4 scrolls of blinking
 q - 3 scrolls of fog
 r - 2 scrolls of summoning
 y - 6 scrolls of teleportation
 D - 2 scrolls of holy word {unknown}
 R - a scroll of acquirement {unknown}
 S - 2 scrolls of torment {!r}
Potions
 g - 3 potions of might {unknown}
 h - 2 potions of curing {@q1}
 s - 2 potions of ambrosia
 F - a potion of resistance {unknown}
 G - a potion of flight
 I - a potion of degeneration {unknown}
 L - a potion of brilliance {unknown}
 P - 2 potions of cancellation
 T - a potion of mutation {unknown}
 U - 4 potions of heal wounds {@q2}
Miscellaneous
 K - a phial of floods
 N - a phantom mirror


   Skills:
 - Level 13.8 Fighting
 - Level 3.0 Staves
 - Level 2.0 Throwing
 - Level 6.1 Dodging
 - Level 12.0 Unarmed Combat
 + Level 5.1 Spellcasting
 - Level 5.0 Summonings
 + Level 9.4 Necromancy
 - Level 3.7 Translocations
 - Level 8.8 Invocations


You had 11 spell levels left.
You knew the following spells:

 Your Spells              Type           Power      Damage    Failure   Level
a - Call Canine Familiar  Summ           32%        N/A       3%          3
c - Death Channel         Necr           27%        N/A       24%         6
x - Animate Skeleton      Necr           100%       N/A       1%          1
B - Blink                 Tloc           N/A        N/A       2%          2

Your spell library contained the following spells:

 Spells                   Type           Power      Damage    Failure   Level
 Pain                     Necr           100%       1d9       1%          1
 Summon Small Mammal      Summ           100%       N/A       1%          1
 Corpse Rot               Necr/Air       N/A        N/A       1%          2
 Vampiric Draining        Necr           27%        2d9       1%          3
 Dispel Undead            Necr           54%        3d20      1%          4
 Gell's Gravitas          Tloc           13%        N/A       4%          3
 Lesser Beckoning         Tloc           13%        N/A       4%          3
 Teleport Other           Tloc           26%        N/A       4%          3
 Magic Dart               Conj           24%        1d4       8%          1
 Summon Guardian Golem    Hex/Summ       19%        N/A       9%          3
 Portal Projectile        Hex/Tloc       32%        N/A       11%         3
 Searing Ray              Conj           12%        3d3       12%         2
 Slow                     Hex            6%         N/A       12%         2
 Confusing Touch          Hex            6%         N/A       22%         3
 Conjure Flame            Conj/Fire      6%         6-21      22%         3
 Ignite Poison            Fire/Tmut/Pois 6%         N/A       22%         3
 Inner Flame              Hex/Fire       6%         N/A       22%         3
 Manifold Assault         Tloc           26%        N/A       41%         5
 Cause Fear               Hex            3%         N/A       58%         4
 Fulminant Prism          Conj/Hex       3%         3d6       58%         4
 Leda's Liquefaction      Hex/Erth       3%         N/A       58%         4
 Sticky Flame             Conj/Fire      6%         2d3       58%         4
 Dispersal                Tloc           13%        N/A       94%         6
 Discord                  Hex            3%         N/A       100%        8


Dungeon Overview and Level Annotations

Branches:
Dungeon (13/15)            Temple (1/1) D:6            Lair (5/6) D:8
  Swamp (0/4) Lair:4       Spider (0/4) Lair:3          Orc (2/2) D:12
Gauntlet (visited)
  Slime: Lair:5-6       Elf: Orc:2       Vaults: D:13-14

Altars:
Ashenzari
Cheibriados
Dithmenos
Fedhas
Gozag
Hepliaklqana
Kikubaaqudgha
Makhleb
Nemelex Xobeh
Okawaru
Qazlal
Ru
Sif Muna
Trog
Uskayaw
Vehumet
Wu Jian
Xom
Yredelemnul
Zin
The Shining One
Beogh

Shops:
D:2 ?   D:5 *   D:6 =   D:10 ((

Portals:
Trove: D:10 (give 2 scrolls of acquirement)

Annotations:
D:3 3 runed translucent doors, casual's ghost, amateur GnTm
D:7 2 transporters
Orc:2 Josephine; Saint Roka


Message History

Saint Roka invokes the aid of Beogh against you.
Beogh smites you!
The orc warrior hits your hound with a +0 hand axe!
Your hound dies!
Your hound's corpse disappears in a puff of smoke!
Your spectral orc sorcerer hits Saint Roka but does no damage.
Your spectral orc priest barely misses Saint Roka.
There is a stone staircase leading up here.
Okay, then.
Okay, then.
Casting: Death Channel (dangerous; 24% risk of failure)
Confirm with . or Enter, or press ? or * to list all spells.
Saint Roka hits your spectral orc priest with a +0 great mace of venom!
The wraith hits your spectral orc sorcerer but does no damage.
Your spectral orc sorcerer hits Saint Roka but does no damage.
The orc priest mumbles some strange prayers to Beogh against you.
Beogh smites you!
Your spectral orc priest hits Saint Roka but does no damage.
Unknown command.
Saint Roka invokes the aid of Beogh against you.
Beogh smites you!
The orc warrior hits your spectral orc priest with a +0 hand axe!!
Your spectral orc priest is destroyed!
The orc warrior hits your spectral orc sorcerer with a +0 hand axe.
The wraith hits your spectral orc sorcerer but does no damage.
Your hound bites Josephine.
Your spectral orc sorcerer hits the wraith but does no damage.
The orc priest looks satisfied for a moment.
The orc priest casts a cantrip, but nothing happens.
Unknown command.
Your hound bites Josephine.
The wraith hits your spectral orc sorcerer but does no damage.
Your spectral orc sorcerer hits the wraith but does no damage.
The orc priest invokes the aid of Beogh against you.
Beogh smites you!
* * * LOW HITPOINT WARNING * * *
Josephine points at you and mumbles some strange words.
The ghostly flame explodes!
The ghostly fireball engulfs you!!
You feel drained.
You die...

.#..##...
........ ......##
......## ......##
......
##h.#.##.#$
#@@o.#....<
#....oW......##
#.....Z)o.......
#....##.Wo.#....@
#....# ##o.##...W
##..# ..o#..W.##
#.. .......<# .#.
.....oo.#
.......##


You could see Saint Roka, Josephine (ally target), 2 wraiths, 2 orc warriors, 2
orc priests, an orc wizard (strong), a friendly spectral orc sorcerer and a
friendly hound (summoned).

Vanquished Creatures
  3 hydras
  A centaur warrior (D:13)
  6 two-headed ogres
  A tengu warrior (D:12)
  Nergalle (D:10)
  A necromancer (Lair:3)
  An orb spider (Lair:3)
  2 cyclopes
  2 ugly things
  A manticore (D:12)
  2 orc sorcerers
  2 black mambas (Lair:2)
  Maurice (D:10)
  9 elephants
  2 torpor snails (Gauntlet)
  6 cane toads
  7 komodo dragons
  3 rime drakes
  Psyche (D:10)
  3 trolls
  A queen bee (Gauntlet)
  A guardian mummy (D:10)
  Grinder (D:6)
  6 slime creatures (D:12)
  6 blink frogs
  4 centaur simulacra (Gauntlet)
  A vampire (D:11)
  3 wraiths
  2 shadows
  4 wyverns
  A basilisk (Lair:1)
  10 yaks
  2 steam dragons
  Eustachio (D:6)
  Grum (D:9)
  2 wargs
  3 vampire mosquitoes (D:11)
  An acid dragon (D:10)
  10 water moccasins
  9 orc warriors
  2 sky beasts
  4 black bears
  An ice beast (D:7)
  2 necrophages
  19 wolves
  6 ogres
  2 elephant zombies (Lair:3)
  12 centaurs
  2 komodo dragon zombies (Lair:3)
  2 kobold brigands
  8 bullfrogs
  A gnoll sergeant (D:6)
  A cane toad simulacrum (Gauntlet)
  A scorpion (D:8)
  6 killer bees (Gauntlet)
  5 wights
  8 electric eels
  6 howler monkeys
  A hound (D:5)
  5 centaur zombies
  A centaur skeleton (D:7)
  8 orc priests
  2 gnoll shamans
  9 orc wizards
  A hound skeleton (D:4)
  16 gnolls
  2 adders
  A white imp (D:5)
  2 worms (D:3)
  5 dart slugs
  28 orcs
  8 bats
  4 endoplasms
  2 giant cockroaches
  10 goblins
  8 hobgoblins
  13 jackals
  3 quokkas
  3 ball pythons
  2 frilled lizards (D:1)
  7 kobolds
  6 rats
359 creatures vanquished.

Vanquished Creatures (collateral kills)
  A minotaur (Gauntlet)
  A hydra (D:12)
  An elephant (Lair:4)
  A tengu conjurer (D:11)
  A vampire (D:12)
  3 yaks
  A water moccasin (Lair:2)
  An ogre (Orc:1)
  A bullfrog (Lair:3)
  2 kobolds (D:10)
13 creatures vanquished.

Vanquished Creatures (others)
  3 kobolds (D:8)
  10 bushes (Lair:1)
  20 fungi
  69 plants
  14 withered plants (Gauntlet)
116 creatures vanquished.

Grand Total: 488 creatures vanquished

Notes
Turn   | Place    | Note
-------+----------+-------------------------------------------
     0 | D:1      | Leszczynek the Human Gladiator began the quest for the Orb.
     0 | D:1      | Reached XP level 1. HP: 16/16 MP: 1/1
    31 | D:1      | Reached XP level 2. HP: 19/23 MP: 2/2
    79 | D:1      | Found a faded altar of an unknown god.
   137 | D:1      | Reached skill level 3 in Fighting
   155 | D:1      | Reached XP level 3. HP: 27/29 MP: 3/3
   330 | D:3      | Found a runed translucent gate.
   331 | D:3      | Found a runed translucent gate.
   331 | D:3      | Found a runed translucent gate.
   333 | D:3      | Noticed casual's ghost (amateur GnTm)
   396 | D:3      | Reached skill level 4 in Fighting
   396 | D:3      | Reached XP level 4. HP: 36/37 MP: 4/4
   764 | D:2      | Found Letweneu's Magic Scroll Shoppe.
   769 | D:2      | Bought a scroll of fog for 24 gold pieces
   769 | D:2      | Bought a scroll of identify for 24 gold pieces
   770 | D:2      | Bought a scroll of fog for 24 gold pieces
   770 | D:2      | Bought a scroll of identify for 24 gold pieces
   823 | D:5      | Entered Level 5 of the Dungeon
   875 | D:6      | Noticed Eustachio
   875 | D:6      | Noticed a water moccasin
   948 | D:5      | Noticed a centaur
   959 | D:5      | Killed a centaur
   960 | D:5      | Reached skill level 5 in Fighting
   960 | D:5      | Reached XP level 5. HP: 40/44 MP: 5/5
   965 | D:5      | Noticed an ogre
   973 | D:5      | Ouch! That really hurt!
   979 | D:5      | Killed an ogre
   980 | D:5      | Reached skill level 6 in Fighting
   980 | D:5      | Reached XP level 6. HP: 18/52 MP: 6/6
  1200 | D:5      | Reached XP level 7. HP: 52/59 MP: 7/7
  1228 | D:6      | Noticed Grinder
  1228 | D:6      | Paralysed by Grinder for 3 turns
  1249 | D:6      | Killed Grinder
  1250 | D:6      | Reached skill level 7 in Fighting
  1250 | D:6      | Reached skill level 2 in Unarmed Combat
  1286 | D:6      | Reached skill level 3 in Unarmed Combat
  1306 | D:6      | Reached skill level 13 in Fighting
  1306 | D:6      | Reached XP level 8. HP: 54/80 MP: 8/8
  1339 | D:6      | Reached XP level 9. HP: 53/86 MP: 9/9
  1395 | D:6      | Reached skill level 4 in Unarmed Combat
  1481 | D:6      | Found Erisubbi's Jewellery Emporium.
  1512 | D:6      | Found a staircase to the Ecumenical Temple.
  1529 | Temple   | Entered the Ecumenical Temple
  1563 | Temple   | Became a worshipper of Cheibriados the Contemplative
  1664 | D:6      | Killed Eustachio
  1685 | D:6      | Reached skill level 1 in Invocations
  1700 | D:6      | Reached skill level 5 in Unarmed Combat
  2027 | D:2      | Bought 2 scrolls of enchant armour for 180 gold pieces
  2087 | D:2      | Reached * piety under Cheibriados
  2442 | D:6      | Reached skill level 2 in Invocations
  2584 | D:5      | Found Ulaff's General Store.
  2666 | D:7      | Reached skill level 6 in Unarmed Combat
  2677 | D:7      | Reached XP level 10. HP: 93/93 MP: 12/12
  2697 | D:7      | Reached ** piety under Cheibriados
  2712 | D:7      | Reached skill level 3 in Invocations
  2778 | D:7      | Found a transporter.
  2781 | D:7      | Noticed an ogre mage
  2782 | D:7      | Found a transporter.
  2933 | D:9      | Noticed a two-headed ogre
  2950 | D:9      | Killed a two-headed ogre
  2951 | D:9      | Reached skill level 7 in Unarmed Combat
  2951 | D:9      | Reached skill level 4 in Invocations
  2953 | D:9      | Upgraded the game from 0.27-a0-1529-g1e82c303ef to
                  | 0.27-a0-1548-gf8a67e7463
  3047 | D:9      | Noticed a two-headed ogre
  3047 | D:9      | Noticed Grum
  3048 | D:9      | mhhh
  3048 | D:9      | Noticed a two-headed ogre
  3049 | D:9      | uhhhhhhhh
  3049 | D:9      | what's the range of ?vulnerability? los?
  3067 | D:9      | Killed a two-headed ogre
  3077 | D:9      | Killed a two-headed ogre
  3078 | D:9      | Reached skill level 8 in Unarmed Combat
  3078 | D:9      | Reached skill level 5 in Invocations
  3134 | D:9      | Reached XP level 11. HP: 80/99 MP: 14/14
  3166 | D:10     | Entered Level 10 of the Dungeon
  3188 | D:10     | o
  3285 | D:9      | Noticed a cyan ugly thing
  3286 | D:9      | :/
  3291 | D:9      | uh
  3296 | D:9      | the 8.5% chance strikes again!
  3311 | D:9      | Killed a cyan ugly thing
  3328 | D:9      | Learned a level 3 spell: Call Canine Familiar
  3350 | D:9      | i think this will be of the best help out of my current
                  | spells
  3352 | D:9      | Learned a level 1 spell: Animate Skeleton
  3425 | D:9      | Killed Grum
  3448 | D:9      | Reached skill level 1 in Summonings
  3564 | D:10     | Noticed Psyche
  3576 | D:10     | Killed Psyche
  3577 | D:10     | Reached skill level 2 in Summonings
  3577 | D:10     | Reached skill level 1 in Necromancy
  3650 | D:10     | Found a portal to a secret trove of treasure.
  3677 | D:10     | lol, 2 ?acq
  3687 | D:10     | the funny thing is there ARE two acquirements in the game
                  | already
  3687 | D:10     | for the total cost of 1248 gold
  3687 | D:10     | not that much tbh
  3756 | D:9      | Reached *** piety under Cheibriados
  3863 | D:8      | Reached skill level 3 in Summonings
  3961 | D:10     | Noticed Nergalle
  3973 | D:10     | Killed Nergalle
  3974 | D:10     | Reached skill level 2 in Necromancy
  4031 | D:10     | Noticed Maurice
  4056 | D:10     | Killed Maurice
  4057 | D:10     | Reached skill level 4 in Summonings
  4081 | D:10     | ok, got regen
  4092 | D:10     | Reached skill level 3 in Necromancy
  4224 | D:10     | Found Edoet's Antique Weapon Emporium.
  4308 | D:11     | Reached skill level 5 in Summonings
  4318 | D:11     | Noticed a two-headed ogre
  4327 | D:11     | Killed a two-headed ogre
  4328 | D:11     | Reached skill level 9 in Unarmed Combat
  4339 | D:11     | Reached skill level 4 in Dodging
  4384 | D:11     | Identified the +1 chain mail of Too Many Cooks {Rampage
                  | Str+2 SInv}
  4386 | D:11     | rampage is forbidden under chei? wow
  4529 | D:12     | Noticed a tengu warrior
  4529 | D:12     | Noticed a tengu warrior
  4530 | D:12     | ...
  4706 | D:12     | Noticed an eight-headed hydra
  4719 | D:12     | Killed an eight-headed hydra
  4720 | D:12     | Reached skill level 5 in Dodging
  4720 | D:12     | Reached XP level 12. HP: 32/106 MP: 5/16
  4720 | D:12     | ez
  4745 | D:12     | Reached **** piety under Cheibriados
  4905 | D:12     | Identified the +0 robe "Ufruam" {Dex+3}
  4965 | D:12     | Noticed a two-headed ogre
  4973 | D:12     | Killed a two-headed ogre
  4981 | D:12     | Reached skill level 6 in Invocations
  5012 | D:13     | Noticed a centaur warrior
  5020 | D:13     | Killed a centaur warrior
  5041 | D:13     | Found a shimmering blue altar of Sif Muna.
  5172 | D:12     | Found a sacrificial altar of Ru.
  5243 | D:12     | Reached skill level 10 in Unarmed Combat
  5352 | D:12     | Reached skill level 7 in Invocations
  5363 | D:12     | Found a staircase to the Orcish Mines.
  5400 | Orc:1    | Entered Level 1 of the Orcish Mines
  5412 | Orc:1    | Paralysed by an orc sorcerer for 4 turns
  5474 | Orc:1    | Noticed a two-headed ogre
  5486 | Orc:1    | Killed a two-headed ogre
  5487 | Orc:1    | Reached skill level 6 in Dodging
  5655 | Orc:1    | Reached ***** piety under Cheibriados
  5749 | Orc:2    | Entered Level 2 of the Orcish Mines
  5749 | Orc:2    | Noticed Josephine
  5782 | Orc:2    | Noticed Saint Roka
  5783 | Orc:2    | uh
  5783 | Orc:2    | that's one tough customer
  5789 | Orc:1    | Reached skill level 8 in Invocations
  5813 | Orc:2    | yep, that's done
  5813 | Orc:2    | i really doubt i can just slouch them to death
  5879 | D:12     | HP: 11/106 [slime creature (11)]
  5935 | D:12     | Killed a tengu warrior
  5936 | D:12     | Reached skill level 4 in Necromancy
  6066 | D:11     | Reached XP level 13. HP: 112/112 MP: 19/19
  6143 | D:10     | Found Zokas's Weapon Emporium.
  6151 | D:10     | great mace of holy wrath
  6331 | D:8      | Found a staircase to the Lair.
  6343 | D:8      | Reached skill level 5 in Necromancy
  6348 | Lair:1   | Entered Level 1 of the Lair of Beasts
  6411 | Lair:1   | Noticed a four-headed hydra
  6417 | Lair:1   | Killed a four-headed hydra
  6418 | Lair:1   | Reached skill level 11 in Unarmed Combat
  6604 | Lair:2   | Found a gate leading to a gauntlet.
  6613 | Gauntlet | Entered a Gauntlet
  6613 | Gauntlet | Found a transporter.
  6613 | Gauntlet | Found a transporter.
  6617 | Gauntlet | Found a transporter.
  6617 | Gauntlet | Found a transporter.
  6617 | Gauntlet | Found a transporter.
  6619 | Gauntlet | Noticed a ghost crab
  6657 | Gauntlet | Found a transporter.
  6663 | Gauntlet | Found a transporter.
  6679 | Gauntlet | Found a transporter.
  6687 | Gauntlet | Found a transporter.
  6743 | Gauntlet | Found a transporter.
  6745 | Gauntlet | Found a transporter.
  6838 | Gauntlet | oh now i get it
  6851 | Gauntlet | Learned a level 2 spell: Blink
  6854 | Gauntlet | Found a transporter.
  6863 | Gauntlet | Reached skill level 1 in Translocations
  6878 | Gauntlet | Identified the ring "Gofuwk" {Contam rPois MP+9 SInv}
  6907 | Gauntlet | Reached skill level 2 in Translocations
  6940 | Gauntlet | Reached skill level 3 in Translocations
  6979 | Gauntlet | Identified the +6 plate armour "Wocwae" {rN++ Regen+}
  6979 | Gauntlet | Noticed a minotaur
  6980 | Gauntlet | imagine finding this on a pure fighter
  6997 | Gauntlet | HP: 18/112 [minotaur (11)]
  7002 | Gauntlet | Killed a minotaur
  7034 | Gauntlet | Identified the +8 battleaxe of a Gauntlet {vorpal, Will+
                  | Int+7 Dex-4}
  7043 | Gauntlet | Learned a level 6 spell: Death Channel
  7124 | Lair:3   | Reached skill level 6 in Necromancy
  7269 | Lair:3   | Noticed a five-headed hydra
  7279 | Lair:3   | Killed a five-headed hydra
  7376 | Lair:4   | Reached skill level 7 in Necromancy
  7394 | Lair:4   | Found a basalt altar of Yredelemnul.
  7598 | Lair:5   | Noticed a catoblepas
  7609 | Lair:5   | Found a blossoming altar of Fedhas.
  7678 | Lair:4   | Reached skill level 1 in Spellcasting
  7709 | Lair:4   | Reached skill level 2 in Spellcasting
  7788 | Lair:5   | Reached XP level 14. HP: 119/119 MP: 17/20
  7794 | Lair:5   | Reached skill level 8 in Necromancy
  7832 | Lair:5   | Reached skill level 3 in Spellcasting
  7881 | Lair:4   | Reached skill level 12 in Unarmed Combat
  7987 | Lair:4   | Found a staircase to the Swamp.
  8247 | Lair:2   | Reached skill level 4 in Spellcasting
  8489 | Lair:1   | Reached skill level 9 in Necromancy
  8638 | Lair:3   | got it
  8648 | Lair:3   | Found a hole to the Spider Nest.
  8923 | Orc:1    | Reached skill level 5 in Spellcasting
  8987 | Orc:2    | HP: 23/119 [orc priest/divine providence[Saint Roka] (13)]
  8987 | Orc:2    | Killed from afar by Josephine

Illustrated notes ...≈≈(≈. ≈....... ..........g.. ≈.≈≈≈≈≈. .........h.h ).≈≈≈≈≈. ........... ≈.≈≈≈≈≈. #.......... ≈.≈≈≈≈≈. #.......O.. ........# #..!....... .....#..######.......... ................@....... ........................ ...............#######.. ...............####### ...................... <...##########........ ##..# #.####### ##..##########.# ...............######## Turn 3048 on D:9: mhhh ≈≈....... ............. ≈≈.≈≈≈≈≈. .........hO. ≈).≈≈≈≈≈. .........g. ≈≈.≈≈≈≈≈. #......h... ≈≈.≈≈≈≈≈. #......O... .........# #..!....... ......#..######.......... ......................... ................@........ ................#######.. ................####### ....................... .<...##########........ ###..# #.####### ###..##########.# ................######## ........................ Turn 3049 on D:9: uhhhhhhhh .# ############..## ...........!.... ..D....@o....... ..####..######.. #..# #..# #..# #..# #..# .... Turn 3188 on D:10: o .......... .....u.... .........# .........# .........# .........####### ................ .......@........ ...........#### ...........# ...........# ####.#### ...........#####........ .....(...........≈≈≈≈≈.≈ ###########......≈≈≈≈≈.≈ #.####.≈≈≈≈≈.≈ #.# #..≈≈≈≈≈.≈ Turn 3286 on D:9: :/ .........# .........# .........####### ................ ................ ...........#### ...........# ..........u# ####.####.# ..........@#####........... .....(...........≈≈≈≈≈.≈≈≈≈ ###########......≈≈≈≈≈.≈≈≈≈ #.####.≈≈≈≈≈.≈≈≈≈ #.# #..≈≈≈≈≈.≈≈≈≈ #.###........≈≈(≈ #######......≈≈≈≈...... .............≈≈≈≈.≈≈≈≈≈ .........###.≈≈≈).≈≈≈≈≈ Turn 3291 on D:9: uh .........# .........# .........####### ................ ................ ...........#### ...........# ..........u# ####.####.# ..........@#####........... .....(...........≈≈≈≈≈.≈≈≈≈ ###########......≈≈≈≈≈.≈≈≈≈ #.####.≈≈≈≈≈.≈≈≈≈ #.# #..≈≈≈≈≈.≈≈≈≈ #.###........≈≈(≈ #######......≈≈≈≈...... .............≈≈≈≈.≈≈≈≈≈ .........###.≈≈≈).≈≈≈≈≈ Turn 3296 on D:9: the 8.5% chance strikes again! .........####### #................. #................. #............#### #............# #............# # #............##### #......(.......... #@###########..... #.# #.#### #.# #.# #. #.# #.###. #.###########..... #................. #..............### #..###########.# # #..# #.# # Turn 3350 on D:9: i think this will be of the best help out of my current spells ..........................# ..D...<...................# .####..######...†...)###..# #..# #....)..<# #..# #..# #....##### #..# #..# #...##...###..# #..# #..##.....##..# #..######..#..8.8..#..# ...........#@......'..# .........#..8.8..#..# ###########...[.##..# ##$$$###..# ##### #..# #..# #..# ..# Turn 3677 on D:10: lol, 2 ?acq ..######...†...)###..# ..# #....)..<# #..# ..# #....##### #..# ..# #...##...###..# ..# #..##.....##..# ..######..#..8.8..#..# ..........#∩......'..# .........#..8.8..#..# ###########...[@##..# ##...###..# ##### #..# #..# #..# ..# Turn 3687 on D:10: the funny thing is there ARE two acquirements in the game already .........######....... ...................... .######............... #..######....... #..# #....... # #..# #..##### #..######..######..# #.......h........ #......@......... #..######..###### #..# #..# #..# #..# ..# Turn 4081 on D:10: ok, got regen ###..... .... ........ #..# .......######..####### .......#....#..#...... . #.'.............. ... #.#.............. ....####.#......+....... ........[#......#....... .......@.####...####..## ####+#......#...####..## #......#........... #......#......>.... #.####.#........... #. #.#........... #. #.#........... #.####.#........... #......)........... Turn 4386 on D:11: rampage is forbidden under chei? wow #.##.......... ..#.......... #......$....^ #............ #........... #........... ##........... #....@....... #......Q..... ............... ####......Q.... ###......... ##........ #[####### #.. Turn 4530 on D:12: ... #..## ...# ...# ..# .(### ##(..## ##.†...## ##..@h...#### ##............ ##...........# ##............# ##.............# #..............# #..............# ##............## ..........<...# Turn 4720 on D:12: ez #........... ....##....#.o... ...# ##..##o... ..# ...#.... .. ..O.o.. #. ...o... ....... .o.....## .o$o.h.@# o......## ....... ....... ....... .#.$... #....# ..... Turn 5783 on Orc:2: uh ..... ##..#.##.#$ #<@..#....< #...W........## #.........WW.... ....##....#..oo. ...# ##..##...@ ..# ...#..o.## .. .o....o@# #. .....o.o# .....oO## ...o.o.## o.$....<# .......## ....... ....... ....... Turn 5813 on Orc:2: yep, that's done #........# #..# # #........# #..# # #........# #..# # #........# #..# # #........# #..# # #........# #..# # .........####..######### ........................ #......@................ #..#######..############ #..# #..# #..# .... ...... ###### Turn 6151 on D:10: great mace of holy wrath

.#..##.##..#...#.#.....#.#..###
.#.........#...#...t.....#..#
.###########...###########..###
............§≈§............≈#8#
............§8≈........∩...§###
.............≈.............≈#
.###########...###########..###
.#.........#...#.#^.#....#..#8#
.#........y#...#@.#..#^..#..###
.#..#...#..#...##..#..#..#..#
.#?........#...#.#..#..#.#..###
.#©...©....#...#©.#^.#©.##©.#8#
.#!......y.#...#.#..#..#.#..###
.#..#...#..#...##..#..#..#..#
.#...P.....#...#..#..#...#..#
.#.........#...#(#^.#^...#..#8#
.###########...###########..###


Turn 6838 on Gauntlet: oh now i get it #####..#|#..# #§8≈#..#!#.. #...#..#©8###
#.8.#..#[#..# #############...#..#?#..# #..........##.8.#..#..##.
#.########.##...#..#..... #.#H.....#.##...#..###### #.# #@#.##.©.#≈....... #.#
#.#......#∩....... #.######.####.©.#≈....... #........# #...#..###### ##########
#...#..#..... #.8.#..#..... #...#..#..#.. #.8.#..#..... #...#..#©..†© Turn 6980
on Gauntlet: imagine finding this on a pure fighter ##..##..#.###..... ^^
#................. #..##................. ^.#.....##..##P......
#.....#.#.#.##....## # ##...##.....#.....## ...###...##.............
.........#......#....... .##.@........>......# . #...P......#.....##
#..................# ##....P...#.##...>## ........##.##.......
(......[............. ...................... ......................
................... Turn 8638 on Lair:3: got it

Levels and vault maps discovered:
D:1:      wander_arrival_lonely_grave, layout_rooms,
          chequers_ecumenical_altar_simple, minmay_misc_feat_nine_boxes,
          chequers_serial_rivers_micro_a, minmay_vboxes
D:2:      layout_loops_corners, serial_shops, shop
D:3:      layout_loops_ring, ebering_ghost_rock_garden,
          kennysheep_generic_room_7
D:4:      layout_basic, mainiacjoe_overflow_six_doors_small,
          hangedman_decor_clover_reticule
D:5:      layout_gridville, serial_shops, shop_fountains
D:6:      layout_cave_pools, temple_pool_b, serial_shops, nicolae_shop_stone,
          uniq_eustachio, uniq_grinder
D:7:      gammafunk_beogh_shrine, layout_rooms, nrook_campfire
D:8:      layout_loops_ring, grunt_lair_entry_orc_guard_hut, st_stairs_12
D:9:      layout_long_grid, minivault_14, uniq_grum
D:10:     layout_small_grid, serial_shops,
          nicolae_shop_competitors_out_of_business, shop,
          nicolae_trove_entry_path_of_doom, ebering_dispersal_statue_hall,
          uniq_maurice, uniq_psyche, uniq_nergalle
D:11:     layout_stronghold, bh_walls_and_bars
D:12:     layout_cave_pods, erik_orc_3, nicolae_ru_the_path_less_chosen,
          uniq_fannar, uniq_jorgrun
D:13:     layout_loops_cross, nicolae_sif_muna_condensation
Temple:   compressed_dpeg_circular_temple
Lair:1:   layout_cave_pods, minmay_hedge_maze, grunt_megastairs_5,
          infiniplex_staircase_pool_2, minmay_lair_oklob_chamber
Lair:2:   layout_chaotic_city, gauntlet_entry_generic,
          mumra_transporter_accident, serial_bayou_lagoon_a, serial_bayou_lake_a
Lair:3:   pond_and_an_island_with_a_cottage, layout_regular_city,
          nicolae_spider_entry_orb_guardian
Lair:4:   layout_regular_city, minmay_swamp_entry_eels, basic_altar,
          fungi_pond_lemuel
Lair:5:   layout_loops_ring, slime_altar_1, chequers_serial_rivers_micro_e,
          tgw_fedhas, serial_bayou_shore_a, grunt_megastairs_3
Orc:1:    layout_caves
Orc:2:    st_orc_open, layout_caves, uniq_josephine, uniq_saint_roka,
          uniq_azrael

Skill      XL: |  1  2  3  4  5  6  7  8  9 10 11 12 13 14 |
---------------+-------------------------------------------+-----
Fighting       | 3 4 5 6 13 | 13.8
Unarmed Combat | 3 6 8 9 10 11 12 | 12.0
Invocations    | 2 5 8 |  8.8
Summonings     | 5 |  5.0
Necromancy     | 3 4 7 9 |  9.4
Dodging        | 5 6 |  6.1
Translocations | 3 |  3.7
Spellcasting   | 2 5 |  5.1
Staves         | |  3.0
Throwing       | |  2.0

Action                   |  1- 3 |  4- 6 |  7- 9 | 10-12 | 13-15 || total
-------------------------+-------+-------+-------+-------+-------++-------
Melee: Quarterstaff      |    65 |    67 |   202 |   196 |       ||   530
       Dagger            |     2 |     3 |     5 |     1 |       ||    11
       Morningstar       |       |       |       |   311 |   424 ||   735
       Punch             |       |       |       |    35 |    41 ||    76
 Fire: Shortbow          |       |     3 |    35 |    67 |    53 ||   158
Throw: Throwing net      |       |     1 |     2 |     4 |       ||     7
 Cast: Call Canine Famil |       |       |       |    15 |    22 ||    37
       Animate Skeleton  |       |       |       |     2 |    12 ||    14
       Death Channel     |       |       |       |       |     3 ||     3
       Blink             |       |       |       |       |     2 ||     2
Invok: Bend Time         |       |       |       |    10 |     9 ||    19
       Slouch            |       |       |       |       |     3 ||     3
Evoke: Wand              |       |     2 |    16 |     9 |    14 ||    41
       Phantom mirror    |       |       |       |       |     1 ||     1
  Use: Scroll            |       |     3 |     4 |    13 |     5 ||    25
       Potion            |       |       |     5 |     2 |     1 ||     8
 Stab: Paralysed         |       |       |     6 |    17 |       ||    23
       Held in net/web   |       |       |     1 |     5 |       ||     6
       Sleeping          |       |       |       |     4 |     4 ||     8
       Distracted        |       |       |       |     2 |     4 ||     6
Armor: Leather armour    |    21 |     1 |       |       |       ||    22
       Scale mail        |       |    27 |    60 |    43 |       ||   130
       Skin              |       |       |    20 |     2 |       ||    22
       Steam dragon scal |       |       |       |   206 |   270 ||   476
Dodge: Dodged            |    48 |    55 |   204 |   683 |   643 ||  1633
Block: Other             |       |     9 |    57 |    77 |       ||   143
       Reflection        |       |     1 |     2 |     5 |       ||     8

Table legend: (Time is in decaauts)
 A = Elapsed time spent in this place.
 B = Non-inter-level travel time spent in this place.
 C = Inter-level travel time spent in this place.
 D = Time resting spent in this place.
 E = Time spent auto-exploring this place.
 F = Levels seen in this place.
 G = Mean time per level.
                   A        B        C        D        E       F      G
               +--------+--------+--------+--------+--------+-----+--------+
         Total |  13193 |  11794 |   1399 |      0 |      0 |  22 |  599.7 |
       Dungeon |   8144 |   7351 |    793 |      0 |      0 |  13 |  626.5 |
        Temple |     77 |     77 |      0 |      0 |      0 |   1 |   77.0 |
          Lair |   3391 |   2934 |    457 |      0 |      0 |   5 |  678.2 |
  Orcish Mines |    841 |    693 |    148 |      0 |      0 |   2 |  420.5 |
      Gauntlet |    738 |    738 |      0 |      0 |      0 |   1 |  738.0 |
               +--------+--------+--------+--------+--------+-----+--------+

Top non-repeatable levels by time:
    D:12: 1419 daAuts
  Lair:3: 1109 daAuts
     D:9: 1055 daAuts
    D:10: 989 daAuts
  Lair:2: 868 daAuts
  Lair:4: 815 daAuts
    D:11: 813 daAuts
   Orc:1: 813 daAuts
Gauntlet: 738 daAuts
     D:6: 696 daAuts
     D:8: 612 daAuts
     D:2: 484 daAuts
     D:5: 429 daAuts
  Lair:1: 422 daAuts
     D:7: 399 daAuts
